 Dungeon Sprint DCSS version 0.26-a0-1184-g95e395e029 (webtiles) character file.

Game seed: 6394896343097025026

284 reriks the Sneak (level 6, 0/44 HPs)
             Began as a Gargoyle Monk on Dec 27, 2020.
             Slain by a merfolk siren
             ... wielding a +0 spear
              (15 damage)
             ... in the Dungeon (Sprint II: "The Violet Keep of Menkaure").
             The game lasted 00:00:24 (318 turns).

reriks the Sneak (Gargoyle Monk)                     Turns: 318, Time: 00:00:24

Health: 0/44       AC:  6    Str: 17    XL:     6   Next: 29%
Magic:  6/6        EV: 15    Int: 10    God:
Gold:   243        SH:  0    Dex: 12    Spells: 5/5 levels left

rFire    . . .     SeeInvis .   a - +0 mace
rCold    . . .     Faith    .   (no shield)
rNeg     + . .     Spirit   .   b - +0 robe
rPois    ∞         Reflect  .   (no helmet)
rElec    +         Harm     .   (no cloak)
rCorr    .         Rampage  .   (no gloves)
Will     .....     NoTele   +   (no boots)
Stlth    ++++......             (no amulet)
HPRegen  0.14/turn              (no ring)
MPRegen  0.10/turn              (no ring)

@: mesmerised
A: negative energy resistance 1, electricity resistance, unbreathing,
petrification resistance, miasma immunity, AC +4
a: no special abilities


You were in the Dungeon.
You visited 1 branch You collected 243 gold pieces.

Inventory:

Hand Weapons
 a - a +0 mace (weapon)
Armour
 b - a +0 robe (worn)
Scrolls
 h - a scroll of blinking
Potions
 c - a potion of curing
 d - a potion of heal wounds
 e - a potion of haste
 f - 2 potions of magic


   Skills:
 + Level 7.7 Fighting
 + Level 7.0 Maces & Flails
 + Level 5.8 Dodging
 + Level 7.8 Stealth


You had 5 spell levels left.
You didn't know any spells.
Your spell library was empty.

Dungeon Overview and Level Annotations

Branches:
Dungeon (1/1)

Altars:


Innate Abilities, Weirdness & Mutations

You are resistant to torment.
Your stone body is resilient. (AC +4)
You are immune to poison.
You resist negative energy. (rN+)
You are resistant to electric shocks. (rElec)
You can survive without breathing.
You are immune to petrification.
You are immune to miasma.


Message History

You hit the merfolk siren but do no damage.
The merfolk siren is heavily wounded.
The merfolk siren chants its luring song.
You closely miss the merfolk siren.
The merfolk siren is heavily wounded.
The merfolk siren chants its luring song.
You barely miss the merfolk siren.
The merfolk siren is heavily wounded.
The merfolk siren hits you with a +0 spear.
You thump the merfolk siren!
The merfolk siren is severely wounded.
The merfolk siren chants its luring song.
You miss the merfolk siren.
The merfolk siren is severely wounded.
The merfolk siren hits you with a +0 spear!
The merfolk siren chants its luring song.
You closely miss the merfolk siren.
The merfolk siren is severely wounded.
The merfolk siren hits you with a +0 spear!
You die...

## #3 ## ##.
# ##.# #+#
.##
#...##.##B..#
#m@.<.+#
#...##.##B..#
##.###'# .##
## #.#.# #
#.###.# ## ##


You could see a merfolk siren (mesmerising).

Vanquished Creatures
  2 wyverns (D)
2 creatures vanquished.

Vanquished Creatures (others)
  Menkaure (D)
1 creature vanquished.

Grand Total: 3 creatures vanquished

Notes
Turn   | Place    | Note
-------+----------+-------------------------------------------
     0 | D        | reriks the Gargoyle Monk began the quest for the Orb.
     0 | D        | Reached XP level 1. HP: 14/14 MP: 1/1
     1 | D        | Noticed a neqoxec
     4 | D        | Noticed a boulder beetle
     4 | D        | Noticed a boulder beetle
     8 | D        | Noticed a wyvern
     8 | D        | Noticed a wyvern
    13 | D        | Killed a wyvern
    14 | D        | Reached skill level 5 in Maces & Flails
    14 | D        | Reached XP level 2. HP: 11/23 MP: 2/2
    14 | D        | Reached XP level 3. HP: 13/28 MP: 3/3
    14 | D        | Reached XP level 4. HP: 15/32 MP: 4/4
    14 | D        | Reached XP level 5. HP: 17/37 MP: 5/5
    16 | D        | Killed a wyvern
    17 | D        | Reached skill level 5 in Dodging
    17 | D        | Reached XP level 6. HP: 6/44 MP: 6/6
    91 | D        | Killed Menkaure
   298 | D        | Noticed a merfolk siren
   318 | D        | Slain by a merfolk siren

Illustrated notes

Levels and vault maps discovered:
D:        the_violet_keep_of_menkaure [sprint2_stairs_cluster_1,
          sprint2_shoproom, sprint2_temple, sprint2_basic_supplies,
          sprint2_obstacle_6, sprint2_obstacle_1, sprint2_obstacle_3,
          sprint2_obstacle_4, sprint2_obstacle_5, sprint2_timed_cluster_1,
          sprint2_smallroom_cluster_1, sprint2_smallroom_final_cluster_1,
          sprint2_transparent_cluster_1, sprint2_second_timed_cluster_1,
          sprint2_sniper_area_1, sprint2_heavy_combat_area_1,
          sprint2_mutation_trap_area_1, sprint2_forest_area_1,
          sprint2_light_combat_area_1, sprint2_behind_water_1,
          sprint2_near_end_vault_1]

Skill      XL: |  1  2  3  4  5 |
---------------+----------------+-----
Fighting       | 6 7 |  7.7
Maces & Flails | 5 7 |  7.0
Dodging        | 4 5 |  5.8
Stealth        | 6 7 |  7.8

Action                   |  1- 3 |  4- 6 || total
-------------------------+-------+-------++-------
Melee: Mace              |     4 |    22 ||    26
  Use: Potion            |     1 |       ||     1
Dodge: Dodged            |     3 |     2 ||     5

Table legend: (Time is in decaauts)
 A = Elapsed time spent in this place.
 B = Non-inter-level travel time spent in this place.
 C = Inter-level travel time spent in this place.
 D = Time resting spent in this place.
 E = Time spent auto-exploring this place.
 F = Levels seen in this place.
 G = Mean time per level.
                   A        B        C        D        E       F      G
               +--------+--------+--------+--------+--------+-----+--------+
         Total |    326 |    326 |      0 |    283 |      0 |   1 |  326.0 |
       Dungeon |    326 |    326 |      0 |    283 |      0 |   1 |  326.0 |
               +--------+--------+--------+--------+--------+-----+--------+

Top non-repeatable levels by time:
       D: 326 daAuts
